 Dungeon Crawl Stone Soup version 0.31-a0-977-gc230f8ef24 (webtiles) character file.

Game seed: 7843548045334766067

774 AIAndy the Ruffian (level 7, -6/43 HPs)
             Began as an Octopode Shapeshifter on Oct 29, 2023.
             Was a Plaything of Xom.
             Mangled by a basilisk (18 damage)
             ... on level 5 of the Dungeon.
             The game lasted 00:12:53 (5035 turns).

AIAndy the Ruffian (Octopode Shapeshifter)          Turns: 5035, Time: 00:12:53

Health: -6/43      AC:  1    Str: 16    XL:     7   Next: 84%
Magic:  7/7        EV: 13    Int: 12    God:    Xom [......]
Gold:   275        SH:  0    Dex: 11    Spells: 6/6 levels left

rFire   . .          .
                       - Unarmed
rCold   . . .        (no shield)
rNeg    . . .        (helmet currently unavailable)
rPois   .            (no amulet)
rElec   .            (no ring)
rCorr   .            (no ring)
SInv    .            (no ring)
Will    .....        (no ring)
Stlth   ++           (no ring)
HPRegen 0.27/turn    (no ring)
MPRegen 0.10/turn    (no ring)
                     (no ring)

%: no passive effects
@: beast-form
A: beast (slay +3), almost no armour, amphibious, 8 rings, camouflage 1,
gelatinous body 1, (nimble swimmer 1), tentacles
a: Begin Untransformation, Renounce Religion


You were on level 5 of the Dungeon.
You worshipped Xom.
You were a very special plaything of Xom.
You were a hulking beast.
You visited 1 branch of the dungeon, and saw 6 of its levels.

You collected 275 gold pieces.


Innate Abilities, Weirdness & Mutations

You are a hulking beast.
Your limbs bulge with bestial killing power. (Slay +3)
You cannot wear most types of armour.
You are amphibious.
You can wear up to eight rings at the same time.
Your skin changes colour to match your surroundings (Stealth+).
Your rubbery body absorbs attacks. (AC +1, EV +1)
((You are camouflaged when in or above water. (Stealth+)))
You have tentacles for arms and can constrict up to eight enemies at once.


   Skills:
 - Level 1.0 Fighting
 - Level 2.0 Dodging
 + Level 6.7 Unarmed Combat
 + Level 6.2 Shapeshifting


You had 6 spell levels left.
You didn't know any spells.
Your spell library was empty.

Inventory:

Hand Weapons
 k - a +2 dagger of draining
 v - a +2 vampiric morningstar
Magical Staves
 t - a staff of cold
 B - a staff of conjuration {!a}
Talismans
 b - a beast talisman
 c - a flux talisman
 j - a talisman of death
Wands
 y - a wand of charming (6)
Scrolls
 d - a scroll of torment {unknown}
 f - a scroll of immolation {!r}
 h - 3 scrolls of revelation {unknown}
 i - 6 scrolls of teleportation {unknown}
 l - 3 scrolls of enchant weapon {unknown}
 o - 2 scrolls of identify {unknown}
 p - 2 scrolls of enchant armour {unknown}
 q - 2 scrolls of noise {unknown}
 u - a scroll of vulnerability {unknown}
 w - a scroll of blinking {unknown}
Potions
 a - 3 potions of lignification {!q}
 e - 2 potions of heal wounds {unknown}
 g - a potion of curing {unknown}
 m - a potion of haste {unknown}
 n - a potion of berserk rage {unknown}
 r - a potion of might {unknown}
 s - 2 potions of degeneration {unknown}
 x - 2 potions of attraction {unknown}
 z - a potion of brilliance {unknown}
 A - a potion of ambrosia {unknown}

Dungeon Overview and Level Annotations

Branches:
Dungeon (6/15)             Temple (0/1) D:6

Altars:
Xom

Shops:
D:1 *   D:2 (   D:4 [:

Annotations:
D:1 1 transporter
D:3 3 runed translucent doors, Sigmund; Talonman3's ghost, amateur KoNe

# #.# #.########.## # #.#
#...........#### # #.#
#.#########..... #.# #.#
#>#### #.# #.# #.# #.
#.####.### #.# #.
######.##.....# ####.# #.
#).....##.#.#.# #....# #.
#)#######h#.#.# #.##.# #.
########.#### #l#.#.####.##.#
#.
............####..........##.#
#.
#####.......)......#####..##.#
#.
#.##.#####.#.#.#####..##.###.
#.##.# #.#.................
#.##.# #.###.#.###...[.....
#.##.#####.###.#.# #.#######.
#.##.............# #.# #.


You could see a basilisk.


Message History

The basilisk misses your sky beast.
Your sky beast hits the basilisk.
Your sky beast shocks the basilisk.
The basilisk closely misses your sky beast.
Your sky beast misses the basilisk.
The basilisk closely misses your sky beast.
Your sky beast hits the basilisk but does no damage.
The basilisk closely misses your sky beast.
Your sky beast hits the basilisk.
Your sky beast shocks the basilisk.
The basilisk bites your sky beast!!
Your sky beast dies!
Aiming: Charm
Press: ? - help, Shift-Dir - straight line, f/p - basilisk
Aim: a basilisk (heavily wounded, chance to affect: 49%)
The basilisk resists with some effort.
You tentacle-slap the basilisk. Your grab misses the basilisk.
The basilisk is heavily wounded.
The basilisk bites you.
* * * LOW HITPOINT WARNING * * *
Aiming: Charm
Press: ? - help, Shift-Dir - straight line, f/p - basilisk
Aim: a basilisk (heavily wounded, chance to affect: 49%)
The basilisk is charmed.
There is a stone staircase leading up here.
You climb upwards.
There is a stone staircase leading down here.
You start resting.
The basilisk is no longer charmed.
The basilisk bites you!!
You die...
Xom roars with laughter!

Skill      XL: |  1  2  3  4  5  6  7 |
---------------+----------------------+-----
Unarmed Combat | 4 5 6 |  6.7
Shapeshifting  | 4 5 6 |  6.2
Fighting       | |  1.0
Dodging        | |  2.0

Action                     |  1- 3 |  4- 6 |  7- 9 || total
---------------------------+-------+-------+-------++-------
  Melee: Unarmed           |    69 |   110 |    33 ||   212
         Constrict         |    14 |    27 |     4 ||    45
         Tentacles         |    12 |    20 |     5 ||    37
         Punch             |     1 |     4 |     3 ||     8
  Evoke: Wand              |       |       |     3 ||     3
   Stab: Sleeping          |    10 |    11 |     2 ||    23
 Armour: Skin              |    26 |    30 |    15 ||    71
  Dodge: Dodged            |    39 |    54 |    20 ||   113

Levels and vault maps discovered:
D:1:      spicycebolla_arrival_risky_transporter, layout_loops_corners,
          serial_shops, nicolae_shop_tiny_statue_garden,
          hellmonk_ecumenical_altar_blasted, minmay_pentomino_v4
D:2:      layout_loops_ring, serial_shops, nicolae_shop_tiny_real_fake_doors,
          hangedman_glass_teeth
D:3:      layout_loops_ring, nzn_wu_jian_council_hall,
          ebering_ghost_rock_garden, uniq_sigmund
D:4:      layout_basic, minmay_misc_feat_alley, nicolae_take_the_stairs,
          nicolae_shop_i_like_small_books_too
D:5:      layout_loops_ring
D:6:      layout_basic, minmay_temple_entry_glass

Notes
Turn   | Place    | Note
-------+----------+-------------------------------------------
     0 | D:1      | AIAndy the Octopode Shapeshifter began the quest for the
                  | Orb.
     0 | D:1      | Reached XP level 1. HP: 13/13 MP: 1/1
   149 | D:1      | Reached XP level 2. HP: 13/18 MP: 2/2
   240 | D:1      | Found a faded altar of an unknown god.
   273 | D:1      | Prayed at the altar of an unknown god.
   273 | D:1      | Became a worshipper of Xom of Chaos
   370 | D:1      | Found Ugrom's General Store.
   438 | D:1      | XOM: divination: detect creatures
   472 | D:1      | XOM: silly message
   625 | D:1      | Reached XP level 3. HP: 23/23 MP: 3/3
  1215 | D:2      | Found Ruconu Fays's Antique Weapon Shoppe.
  1377 | D:2      | Reached skill level 4 in Unarmed Combat
  1377 | D:2      | Reached XP level 4. HP: 28/28 MP: 4/4
  1743 | D:3      | Found a runed translucent gate.
  1744 | D:3      | Found a runed translucent gate.
  1744 | D:3      | Found a runed translucent gate.
  1744 | D:3      | Noticed Talonman3's ghost (amateur KoNe)
  1747 | D:3      | Reached skill level 4 in Shapeshifting
  1760 | D:3      | Noticed Sigmund
  1768 | D:3      | XOM: silly message
  1778 | D:3      | XOM: summons friendly white imp
  1882 | D:3      | Noticed a scorpion
  1902 | D:3      | Killed a scorpion
  1903 | D:3      | Reached XP level 5. HP: 24/33 MP: 5/5
  1971 | D:3      | XOM: silly message
  2488 | D:3      | XOM: stat loss: -1 Dex (10/11)
  2578 | D:4      | Found Kow Cuu's Armour Shop.
  2651 | D:4      | XOM: summons 2 hostile demons
  2973 | D:4      | Reached skill level 5 in Unarmed Combat
  3089 | D:4      | XOM: 1-stop teleportation journey
  3121 | D:4      | Reached XP level 6. HP: 38/38 MP: 6/6
  3337 | D:4      | Reached skill level 5 in Shapeshifting
  3547 | D:4      | Found Jiuref's Tiny Tomes.
  3986 | D:5      | Entered Level 5 of the Dungeon
  4251 | D:5      | Reached XP level 7. HP: 38/43 MP: 7/7
  4308 | D:5      | Reached skill level 6 in Unarmed Combat
  4512 | D:5      | XOM: swap monsters
  4517 | D:5      | Reached skill level 6 in Shapeshifting
  4626 | D:5      | XOM: noise
  4934 | D:6      | Found a staircase to the Ecumenical Temple.
  4989 | D:6      | XOM: smoke on damage
  4998 | D:6      | an ice beast changed into a basilisk
  4998 | D:6      | Noticed a basilisk
  4998 | D:6      | XOM: polymorph ice beast -> basilisk
  5005 | D:6      | HP: 4/43 [basilisk (6)]
  5035 | D:5      | Mangled by a basilisk

Vanquished Creatures
  An ice beast (D:6)
  An ogre (D:5)
  A phantom (D:5)
  A centaur (D:5)
  A scorpion (D:3)
  A howler monkey (D:4)
  A jelly (D:5)
  3 orc priests
  2 iguanas
  An orc wizard (D:4)
  5 adders
  2 ufetubi (D:5)
  A worm (D:4)
  A dart slug (D:2)
  17 orcs
  6 ball pythons
  5 endoplasms
  6 giant cockroaches
  9 goblins
  5 hobgoblins
  4 jackals (D:2)
  4 quokkas
  7 bats
  4 frilled lizards
  6 kobolds
  3 rats
98 creatures vanquished.

Vanquished Creatures (others)
  A sky beast (D:6)
1 creature vanquished.

Grand Total: 99 creatures vanquished

Table legend: (Time is in decaauts)
 A = Elapsed time spent in this place.
 B = Non-inter-level travel time spent in this place.
 C = Inter-level travel time spent in this place.
 D = Time resting spent in this place.
 E = Time spent auto-exploring this place.
 F = Levels seen in this place.
 G = Mean time per level.
                   A        B        C        D        E       F      G
               +--------+--------+--------+--------+--------+-----+--------+
         Total |   5018 |   4724 |    294 |    147 |   3746 |   6 |  836.3 |
       Dungeon |   5018 |   4724 |    294 |    147 |   3746 |   6 |  836.3 |
               +--------+--------+--------+--------+--------+-----+--------+

Top non-repeatable levels by time:
     D:4: 1411 daAuts
     D:1: 1005 daAuts
     D:5: 917 daAuts
     D:2: 792 daAuts
     D:3: 773 daAuts
     D:6: 118 daAuts

Table legend:
 A = Non-vault XP
 B = Vault XP
 C = Vault XP percentage of total XP
 D = Non-vault monster count
 E = Vault monster count
 F = Vault count percentage of total count
                 A         B        C        D         E       F
            +---------+---------+-------+---------+---------+-------
      Total |    1103 |       4 |   0.4 |      96 |       2 |   2.0
            +---------+---------+-------+---------+---------+-------
        D:1 |      35 |       4 |  10.3 |      20 |       2 |   9.1
        D:2 |      72 |       0 |   0.0 |      20 |       0 |   0.0
        D:3 |     108 |       0 |   0.0 |      13 |       0 |   0.0
        D:4 |     273 |       0 |   0.0 |      27 |       0 |   0.0
        D:5 |     491 |       0 |   0.0 |      15 |       0 |   0.0
        D:6 |     124 |       0 |   0.0 |       1 |       0 |   0.0
            +---------+---------+-------+---------+---------+-------
